 Dungeon Crawl Stone Soup version 0.23.2-33-g5129a83184 (webtiles) character file.

Game seed: 14666709872744298948

3493 Folque the Destroyer (level 9, -7/64 HPs)
             Began as a Demigod Conjurer on July 28, 2019.
             Mangled by Grum
             ... wielding a +1 halberd
              (27 damage)
             ... on level 9 of the Dungeon.
             The game lasted 00:19:17 (8220 turns).

Folque the Destroyer (Demigod Conjurer)             Turns: 8220, Time: 00:19:17

Health: -7/64      AC:  3    Str: 13    XL:     9   Next: 51%
Magic:  10/27      EV: 12    Int: 23    God:
Gold:   489        SH:  0    Dex: 16    Spells: 2/16 levels left

rFire    . . .     SeeInvis .   D - +2 scimitar (holy)
rCold    . . .     Gourm    .   (no shield)
rNeg     . . .     Faith    .   a - +1 robe
rPois    .         Spirit   .   (no helmet)
rElec    .         Reflect  .   (no cloak)
rCorr    .         Harm     .   (no gloves)
MR       .....                  (no boots)
Stlth    ++........             (no amulet)
HPRegen  0.20/turn              F - ring of magical power
MPRegen  0.20/turn              (no ring)

@: no status effects
A: high mp 1
a: no special abilities


You were on level 9 of the Dungeon.
You were near starving.

You visited 1 branch of the dungeon, and saw 9 of its levels.

You collected 489 gold pieces.

Inventory:

Hand Weapons
 b - a +0 club
 l - a +0 dagger
 n - a +0 short sword
 w - a +2 short sword of speed
 D - a +2 scimitar of holy wrath (weapon)
 J - the +6 quarterstaff of Quick Death {crush, rElec MR- Str+2 Dex+7}
   (You found it on level 7 of the Dungeon)

   It inflicts extra damage upon your enemies.
   It affects your strength (+2).
   It affects your dexterity (+7).
   It insulates you from electricity.
   It affects your resistance to hostile enchantments.
Missiles
 d - 18 poisoned needles
 y - a throwing net (quivered)
Armour
 a - a +1 robe (worn)
 p - a +0 ring mail
 L - a cursed -2 ring mail
Jewellery
 q - an uncursed ring of ice
 F - a ring of magical power (left hand)
 K - the cursed necklace of Bloodlust {*Rage +Rage MR++ Int-3 Slay+6 *Curse}
   (You found it on level 8 of the Dungeon)

   [amulet of rage]

   It affects your intelligence (-3).
   It affects your accuracy and damage with ranged weapons and melee attacks
   (+6).
   It affects your resistance to hostile enchantments.
   It lets you go berserk.
   It may make you go berserk in combat.
   It curses itself when equipped.
   It has a curse placed upon it.
Wands
 C - a wand of flame (53)
 G - a wand of acid (16)
Scrolls
 e - 2 scrolls of enchant armour
 h - 2 scrolls of amnesia
 i - 2 scrolls of enchant weapon
 j - 2 scrolls of teleportation {unknown}
 k - 2 scrolls of remove curse
 m - 2 scrolls of immolation {unknown}
 s - a scroll of fear {unknown}
 x - a scroll of magic mapping {unknown}
 E - a scroll of holy word {unknown}
 H - 2 scrolls of noise {unknown}
Potions
 f - 2 potions of degeneration {unknown}
 g - 2 potions of might
 o - 2 potions of mutation
 r - 3 potions of curing
 t - a potion of lignification {unknown}
 u - 3 potions of ambrosia
 v - a potion of haste {unknown}
 z - a potion of brilliance
 A - 2 potions of flight
 B - 3 potions of agility
 I - a potion of resistance {unknown}
Comestibles
 c - 12 rations


   Skills:
 - Level 1.0 Fighting
 * Level 5.1 Armour
 - Level 1.7 Dodging
 - Level 1.7 Stealth
 - Level 4.2 Spellcasting
 + Level 8.2 Conjurations
 - Level 7.2 Hexes
 + Level 2.6 Translocations


You had 2 spell levels left.
You knew the following spells:

 Your Spells              Type           Power        Failure   Level  Hunger
a - Magic Dart            Conj           ####         1%          1    None
b - Searing Ray           Conj           #####.       1%          2    #......
c - Dazzling Spray        Conj/Hex       #####.       1%          3    ##.....
d - Fulminant Prism       Conj/Hex       #####.....   4%          4    ####...
e - Force Lance           Conj/Tloc      ####....     11%         4    ####...

Your spell library contained the following spells:

 Spells                   Type           Power        Failure   Level  Hunger
 Slow                     Hex            #####...     1%          2    #......
 Blink                    Tloc           N/A          4%          2    #......
 Call Imp                 Summ           #.......     16%         2    #......
 Iskenderun's Mystic Bla  Conj           #####...     3%          4    ####...
 Conjure Flame            Conj/Fire      ###.....     5%          3    ##.....
 Mephitic Cloud           Conj/Pois/Air  ###.....     10%         3    ##.....


Dungeon Overview and Level Annotations

Branches:
Dungeon (9/15)             Temple (0/1) D:6
   Lair: D:8-11         Orc: D:9-12

Shops:
D:4 *   D:5 ?

Annotations:
D:7 Harold
D:9 Grum


Innate Abilities, Weirdness & Mutations

You have an increased reservoir of magic. (+10% MP)


Message History

Aiming: Searing Ray (safe; 1% risk of failure)
Press: ? - help, Shift-Dir - straight line, f/p - wolf
Aim: a wolf The searing ray hits the wolf.
You kill the wolf! (Press . to maintain the ray.) Grum barely misses you.
The searing ray hits Grum.
Grum is heavily wounded.
Grum hits you from afar with a +1 halberd.
* * * LOW HITPOINT WARNING * * *
The searing ray hits Grum.
Grum is heavily wounded.
Grum closely misses you.
The searing ray hits Grum!
Grum is almost dead.
The searing ray misses the wolf.
You finish channeling your searing ray.
An iguana comes into view.
Grum hits you from afar with a +1 halberd!!
You die...

##########
.........#
.........#
.......<.##########.
........hhg.@.......
.........#######.l#.
#######..# #..#
..g.# .......
......... ..........
......./##


You could see Grum, 2 wolves and an iguana.

Vanquished Creatures
  Pikel (D:6)
  Joseph (D:7)
  A hornet (D:8)
  Menkaure (D:7)
  A water moccasin (D:5)
  3 ice beasts
  An orc warrior (D:6)
  A sky beast (D:7)
  3 ogres
  2 phantoms
  3 centaurs
  2 wolves (D:9)
  A bullfrog (D:8)
  2 scorpions
  A howler monkey (D:6)
  An electric eel (D:8)
  3 crimson imps
  3 jellies
  2 orc priests
  A bullfrog skeleton (D:8)
  2 hounds
  A centaur skeleton (D:7)
  4 worker ants
  2 iguanas
  A killer bee zombie (D:8)
  A hound zombie (D:8)
  A worker ant zombie (D:5)
  3 gnolls (D:7)
  8 adders
  A hound simulacrum (D:8)
  A shadow imp (D:8)
  4 white imps (D:8)
  A worker ant simulacrum (D:8)
  An ooze (D:2)
  An ufetubus (D:8)
  An adder zombie (D:9)
  An adder skeleton (D:8)
  3 worms
  4 dart slugs
  4 leopard geckos
  9 orcs
  4 giant cockroaches
  6 goblins
  6 hobgoblins
  8 jackals
  A quokka (D:5)
  A ball python (D:2)
  A ball python skeleton (D:4)
  14 bats
  4 frilled lizards
  9 kobolds
  2 quokka skeletons
  6 rats
150 creatures vanquished.

Vanquished Creatures (others)
  A slave (D:6)
  Blork the orc (D:6)
  A crimson imp (D:6)
  An orc (D:6)
  8 fulminant prisms
12 creatures vanquished.

Grand Total: 162 creatures vanquished

Notes
Turn   | Place    | Note
-------+----------+-------------------------------------------
     0 | D:1      | Folque the Demigod Conjurer began the quest for the Orb.
     0 | D:1      | Reached XP level 1. HP: 14/14 MP: 5/5
   265 | D:1      | Reached XP level 2. HP: 19/22 MP: 5/7
   272 | D:1      | Learned a level 2 spell: Searing Ray
  1020 | D:2      | Reached skill level 1 in Fighting
  1374 | D:2      | Reached XP level 3. HP: 24/28 MP: 4/9
  1383 | D:2      | Learned a level 3 spell: Dazzling Spray
  1525 | D:2      | Reached skill level 4 in Conjurations
  1976 | D:2      | Reached XP level 4. HP: 35/35 MP: 6/11
  2485 | D:2      | Reached skill level 1 in Hexes
  3167 | D:4      | Found a hide-covered altar of Uskayaw.
  3167 | D:4      | Found a sacrificial altar of Ru.
  3167 | D:4      | Found a shadowy altar of Dithmenos.
  3182 | D:4      | Reached XP level 5. HP: 40/40 MP: 4/12
  3191 | D:4      | Learned a level 4 spell: Fulminant Prism
  3480 | D:4      | Found Epaunos's Assorted Antiques.
  3637 | D:5      | Entered Level 5 of the Dungeon
  3638 | D:5      | Noticed an ice beast
  3826 | D:5      | Noticed an ogre
  3833 | D:5      | Noticed a phantom
  3833 | D:5      | Noticed a centaur
  3890 | D:5      | Reached XP level 6. HP: 44/47 MP: 3/14
  3992 | D:5      | Reached skill level 5 in Conjurations
  4232 | D:5      | Reached XP level 7. HP: 16/52 MP: 7/16
  4725 | D:5      | Found Mihoucw's Magic Scroll Shop.
  4803 | D:5      | Reached skill level 5 in Hexes
  4981 | D:6      | Found a glowing golden altar of the Shining One.
  4981 | D:6      | Found a white marble altar of Elyvilon.
  4982 | D:6      | Found a glowing silver altar of Zin.
  5014 | D:6      | Noticed Pikel
  5025 | D:6      | Killed Pikel
  5025 | D:6      | Reached skill level 6 in Conjurations
  5025 | D:6      | Reached XP level 8. HP: 19/59 MP: 5/17
  5072 | D:6      | Killed Blork the orc
  5257 | D:6      | Learned a level 4 spell: Force Lance
  5353 | D:6      | Reached skill level 1 in Armour
  5728 | D:6      | Found a staircase to the Ecumenical Temple.
  5742 | D:6      | Reached skill level 7 in Conjurations
  5883 | D:7      | Found a bloodstained altar of Trog.
  5936 | D:7      | Noticed Menkaure
  6096 | D:7      | Killed Menkaure
  6308 | D:7      | Found a radiant altar of Vehumet.
  6309 | D:7      | Found a burning altar of Makhleb.
  6334 | D:7      | Noticed Joseph
  6346 | D:7      | Killed Joseph
  6346 | D:7      | Reached XP level 9. HP: 19/64 MP: 1/18
  6831 | D:7      | Got a translucent quarterstaff
  6832 | D:7      | Identified the +6 quarterstaff of Quick Death {crush, rElec
                  | MR- Str+2 Dex+7} (You found it on level 7 of the Dungeon)
  7041 | D:7      | Noticed Harold
  7204 | D:8      | Reached skill level 1 in Translocations
  7593 | D:8      | Reached skill level 8 in Conjurations
  8034 | D:8      | Found the cursed necklace of Bloodlust {*Rage +Rage MR++
                  | Int-3 Slay+6 *Curse}
  8201 | D:9      | Noticed Grum
  8216 | D:9      | Reached skill level 5 in Armour
  8220 | D:9      | Mangled by Grum

Skill      XL: |  1  2  3  4  5  6  7  8  9 |
---------------+----------------------------+-----
Spellcasting   | 2 3 4 |  4.2
Fighting       | 1 |  1.0
Conjurations   | 4 5 6 7 8 |  8.2
Hexes          | 2 4 6 7 |  7.2
Armour         | 2 5 |  5.1
Translocations | 2 |  2.6
Dodging        | |  1.7
Stealth        | |  1.7

Action                   |  1- 3 |  4- 6 |  7- 9 || total
-------------------------+-------+-------+-------++-------
Melee: Club              |    30 |       |       ||    30
       Dagger            |    11 |       |       ||    11
       Short sword       |    23 |    67 |       ||    90
       Scimitar          |       |    12 |    22 ||    34
       Quarterstaff      |       |       |    18 ||    18
 Cast: Magic Dart        |    11 |     3 |     2 ||    16
       Searing Ray       |    12 |    12 |    36 ||    60
       Dazzling Spray    |     1 |     6 |    20 ||    27
       Fulminant Prism   |       |     2 |     6 ||     8
       Force Lance       |       |       |     9 ||     9
  Use: Scroll            |     3 |     4 |     9 ||    16
       Potion            |       |     1 |     2 ||     3
 Stab: Sleeping          |     4 |     5 |     2 ||    11
       Invisible         |       |     1 |       ||     1
  Eat: Chunk             |     4 |     8 |    11 ||    23
       Ration            |       |       |     1 ||     1
Armor: Robe              |    17 |    17 |    14 ||    48
Dodge: Dodged            |    61 |    52 |    64 ||   177
       Rpst.: Scimitar   |       |     2 |    11 ||    13
